 Dungeon Crawl Stone Soup version 0.29-a0-1027-gcd8c55af63 (webtiles) character file.

Game seed: 17256923844363968416

172 Plasmagod the Chopper (level 5, -1/45 HPs)
             Began as a Minotaur Fighter on Aug 13, 2022.
             Was an Initiate of Gozag.
             Slain by a gnoll
             ... wielding a +0 halberd
              (10 damage)
             ... on level 4 of the Dungeon.
             The game lasted 00:04:13 (2493 turns).

Plasmagod the Chopper (Minotaur Fighter)            Turns: 2493, Time: 00:04:14

Health: -1/45      AC: 11    Str: 23    XL:     5   Next: 27%
Magic:  4/4        EV:  6    Int:  5    God:    Gozag
Gold:   280        SH:  4    Dex:  9    Spells: 4/4 levels left

rFire   + . .      SeeInvis +   a - +0 war axe
rCold   . . .      Faith    .   c - +0 buckler
rNeg    . . .      Spirit   .   n - +0 plate armour
rPois   .          Reflect  .   (helmet restricted)
rElec   .          Harm     .   (no cloak)
rCorr   .          Rampage  .   (no gloves)
Will    .....                   (no boots)
Stlth   ..........              (no amulet)
HPRegen 0.15/turn               h - ring of protection from fire
MPRegen 0.09/turn               k - ring of see invisible

@: no status effects
A: horns 2, retaliatory headbutt
a: Renounce Religion, Potion Petition, Call Merchant, Bribe Branch


You were on level 4 of the Dungeon.
You worshipped Gozag.
Gozag was aware of your devotion.
You visited 1 branch of the dungeon, and saw 4 of its levels.

You collected 280 gold pieces.

Inventory:

Hand Weapons
 a - a +0 war axe (weapon)
Armour
 c - a +0 buckler (worn)
 n - a +0 plate armour (worn)
Jewellery
 h - a ring of protection from fire (left hand)
 k - a ring of see invisible (right hand)
 o - a ring of resist corrosion
Scrolls
 e - a scroll of enchant weapon {unknown}
 l - a scroll of teleportation {unknown}
 p - a scroll of immolation {unknown}
 r - a scroll of poison {unknown}
 s - a scroll of magic mapping {unknown}
 u - a scroll of enchant armour {unknown}
 v - a scroll of identify {unknown}
 w - a scroll of torment {unknown}
Potions
 b - a potion of lignification {unknown}
 d - a potion of might
 f - a potion of haste {unknown}
 g - 2 potions of cancellation {unknown}
 i - a potion of magic {unknown}
 j - a potion of invisibility {unknown}
 m - a potion of brilliance {unknown}
 q - 2 potions of mutation {unknown}
 t - a potion of degeneration {unknown}


   Skills:
 - Level 3.6 Fighting
 + Level 6.7 Axes
 - Level 3.6 Armour
 - Level 3.6 Shields


You had 4 spell levels left.
You didn't know any spells.
Your spell library contained the following spells:

 Spells                   Type           Power      Damage    Failure   Level
 Foxfire                  Conj/Fire      0%         2x1d4     100%        1
 Conjure Flame            Conj/Fire      0%         6-21      100%        3
 Inner Flame              Hex/Fire       0%         N/A       100%        3
 Flame Wave               Conj/Fire      0%         2d4       100%        4


Dungeon Overview and Level Annotations

Branches:
Dungeon (4/15)
 Temple: D:4-7

Altars:
Ashenzari
Gozag
Xom


Innate Abilities, Weirdness & Mutations

You have a pair of horns on your head.
You reflexively headbutt those who attack you in melee.


Message History

The howler monkey is lightly wounded.
The howler monkey hits you but does no damage.
The howler monkey hoots and howls with incredible vigour!
You hear a shout!
You slash the howler monkey!
The howler monkey is heavily wounded.
The howler monkey hits you.
You barely miss the howler monkey.
The howler monkey is heavily wounded.
The howler monkey hits you but does no damage.
You block the howler monkey's attack.
You barely miss the howler monkey.
The howler monkey is heavily wounded.
The howler monkey hits you.
You slash the howler monkey!
You kill the howler monkey!
You have reached level 5!
A gnoll comes into view. It is wielding a +0 halberd.
The gnoll shouts!
A gnoll comes into view. It is wielding a +0 halberd.
The gnoll completely misses you. The gnoll hits you with a +0 halberd!
A goblin comes into view. It is wielding a +0 dagger.
You closely miss the gnoll.
The goblin shouts!
Your headbutt misses the gnoll. The gnoll hits you with a +0 halberd!
You are too injured to fight recklessly!
You hit the gnoll. Your headbutt misses the gnoll.
The gnoll is moderately wounded.
A gnoll comes into view. It is wielding a +0 spear.
The gnoll barely misses you.
You closely miss the gnoll.
The gnoll is moderately wounded.
You block the gnoll's attack. The gnoll hits you with a +0 halberd!
* * * LOW HITPOINT WARNING * * *
You closely miss the gnoll.
The gnoll is moderately wounded.
The gnoll barely misses you. The gnoll hits you with a +0 halberd!
You die...
Your body crumbles into a pile of gold.

#.........## #...>......
.......
##.........##........
#...........#.........
#...........#..........
#........[..#...........
#...........#..........#.
##...........#..........#.
...........@.gg.g.........
......$....g.#..........#.
.............#..........#.##
.............#..).......#...
...#########.#..........##..
.. #.#.............. .
#.#..........##..
#.#..........##..
####.......##)[


You could see 3 gnolls and a goblin.

Vanquished Creatures
  A scorpion (D:2)
  A howler monkey (D:4)
  An adder (D:3)
  A dart slug (D:3)
  5 orcs (D:3)
  7 endoplasms
  2 giant cockroaches
  3 goblins
  3 hobgoblins
  5 jackals
  2 quokkas (D:1)
  3 ball pythons
  8 bats
  3 frilled lizards
  3 kobolds
  2 rats (D:1)
50 creatures vanquished.

Vanquished Creatures (others)
  2 plants (D:1)
2 creatures vanquished.

Grand Total: 52 creatures vanquished

Notes
Turn   | Place    | Note
-------+----------+-------------------------------------------
     0 | D:1      | Plasmagod the Minotaur Fighter began the quest for the Orb.
     0 | D:1      | Reached XP level 1. HP: 19/19 MP: 0/0
   224 | D:1      | Reached skill level 3 in Axes
   278 | D:1      | Reached XP level 2. HP: 25/26 MP: 1/1
   424 | D:1      | Found a faded altar of an unknown god.
  1061 | D:1      | Prayed at the altar of an unknown god.
  1061 | D:1      | Became a worshipper of Gozag Ym Sagoz the Greedy
  1105 | D:2      | Reached skill level 4 in Axes
  1218 | D:2      | Reached XP level 3. HP: 26/31 MP: 2/2
  1499 | D:2      | Noticed a scorpion
  1508 | D:2      | Killed a scorpion
  1509 | D:2      | Reached skill level 5 in Axes
  1509 | D:2      | Reached XP level 4. HP: 32/39 MP: 3/3
  2140 | D:3      | Reached skill level 6 in Axes
  2178 | D:3      | Found a shimmering altar of Xom.
  2178 | D:3      | Found a broken altar of Ashenzari.
  2464 | D:4      | Reached XP level 5. HP: 35/45 MP: 4/4
  2493 | D:4      | Slain by a gnoll

Illustrated notes

Levels and vault maps discovered:
D:1:      minmay_arrival_open_corners, layout_loops_corners,
          ebering_ecumenical_altar_mist, serial_forest,
          infiniplex_forest_fountain, infiniplex_forest_lined_corner,
          infiniplex_forest_clump_diagonal, infiniplex_forest_lined_4_way,
          infiniplex_forest_lined_3_way, infiniplex_forest_clump_medium
D:2:      layout_loops_ring
D:3:      layout_basic, mainiacjoe_overflow_divided_tiny
D:4:      layout_basic, st_stairs_10, uniq_menkaure

Skill      XL: |  1  2  3  4 |
---------------+-------------+-----
Axes           | 3 4 5 6 |  6.7
Fighting       | |  3.6
Armour         | |  3.6
Shields        | |  3.6

Action                   |  1- 3 |  4- 6 || total
-------------------------+-------+-------++-------
Melee: War axe           |    64 |    46 ||   110
       Headbutt          |     6 |     5 ||    11
Armor: Scale mail        |    24 |       ||    24
       Plate armour      |     9 |    28 ||    37
Dodge: Dodged            |    32 |    13 ||    45
Block: Buckler           |    18 |     8 ||    26

Table legend: (Time is in decaauts)
 A = Elapsed time spent in this place.
 B = Non-inter-level travel time spent in this place.
 C = Inter-level travel time spent in this place.
 D = Time resting spent in this place.
 E = Time spent auto-exploring this place.
 F = Levels seen in this place.
 G = Mean time per level.
                   A        B        C        D        E       F      G
               +--------+--------+--------+--------+--------+-----+--------+
         Total |   2524 |   2427 |     97 |      0 |   2102 |   4 |  631.0 |
       Dungeon |   2524 |   2427 |     97 |      0 |   2102 |   4 |  631.0 |
               +--------+--------+--------+--------+--------+-----+--------+

Top non-repeatable levels by time:
     D:1: 1103 daAuts
     D:2: 786 daAuts
     D:3: 545 daAuts
     D:4: 89 daAuts
